 Dungeon Crawl Stone Soup version 0.20-a0-277-g7db01f4 (webtiles) character file.

13 Leszczynek the Firebug (level 2, 0/21 HPs)
             Began as a Mummy Wanderer on Dec 13, 2016.
             Slain by an adder (4 damage)
             ... on level 2 of the Dungeon.
             The game lasted 00:02:53 (614 turns).

Leszczynek the Firebug (Mummy Wanderer)              Turns: 614, Time: 00:02:53

Health: 0/21       AC:  6    Str: 16    XL:     2   Next: 24%
Magic:  3/3        EV:  9    Int: 13    God:
Gold:   51         SH:  0    Dex:  8    Spells: 3/3 levels left

rFire  x . .     SeeInvis .     f - +0 whip
rCold  + . .     Gourm    .     g - +0 scale mail
rNeg   + + +     Faith    .     (no shield)
rPois  ∞         Spirit   .     (no helmet)
rElec  .         Reflect  .     (no cloak)
rCorr  .         Harm     .     (no gloves)
MR     .....                    (no boots)
Stlth  ..........               (no amulet)
                                (no ring)
                                (no ring)

@: no status effects
A: no food or potions, fire vulnerability, cold resistance 1, negative energy
resistance 3, torment resistance, unbreathing
a: no special abilities


You were on level 2 of the Dungeon.
You were not hungry.

You visited 1 branch of the dungeon, and saw 2 of its levels.

You collected 51 gold pieces.

Inventory:

Hand Weapons
 b - a +0 shortbow
 f - a +0 whip (weapon)
Missiles
 c - 43 arrows
Armour
 e - a +0 robe
 g - a +0 scale mail (worn)
Books
 a - a book of Flames

   Spells                             Type                      Level
   a - Flame Tongue                   Conjuration/Fire             1
   b - Throw Flame                    Conjuration/Fire             2
   c - Conjure Flame                  Conjuration/Fire             3
   d - Inner Flame                    Hexes/Fire                   3
   e - Sticky Flame                   Conjuration/Fire             4
   f - Fireball                       Conjuration/Fire             5
 d - the Compendium of Attacks

   Spells                             Type                      Level
   a - Throw Flame                    Conjuration/Fire             2
   b - Throw Frost                    Conjuration/Ice              2


   Skills:
 - Level 1.6 Fighting
 + Level 1.1 Maces & Flails
   Level 1.0 Crossbows
 - Level 1.0 Throwing
 - Level 1.0 Armour
   Level 1.0 Shields
 - Level 1.0 Spellcasting
   Level 3.2 Fire Magic


You had 3 spell levels left.
You didn't know any spells.

Dungeon Overview and Level Annotations

Branches:
Dungeon (2/15)

Altars:


Innate Abilities, Weirdness & Mutations

You do not eat or drink.
Your flesh is vulnerable to fire.
You are immune to poison.
Your flesh is cold resistant. (rC+)
You are immune to negative energy. (rN+++)
You are immune to unholy pain and torment.
You can survive without breathing.


Message History

The adder bites you but does no damage.
You closely miss the adder.
The adder is moderately wounded.
The adder barely misses you. The adder closely misses you.
You miss the adder.
The adder is moderately wounded.
The adder bites you but does no damage.
You miss the adder.
The adder is moderately wounded.
The adder bites you but does no damage.
You miss the adder.
The adder is moderately wounded.
The adder closely misses you.
You closely miss the adder.
The adder is moderately wounded.
The adder bites you but does no damage. The adder barely misses you.
You miss the adder.
The adder is moderately wounded.
The adder bites you.
You die...

#########
#.......#
#.......#
#.......#
#.....†.#
######.....)<#
#............#
#####(####.......#
#gS@.(# #.......#
#...#####
#.......# #....##
#.......# #...
#...####### #..
#.### #. #.. # #.
. ..


You could see an adder and a goblin.

Vanquished Creatures
  2 bats
  2 goblins
  2 hobgoblins (D:1)
  4 kobolds
  A frilled lizard (D:1)
  A rat (D:2)
12 creatures vanquished.

Notes
Turn   | Place    | Note
-------+----------+-------------------------------------------
     0 | D:1      | Leszczynek the Mummy Wanderer began the quest for the Orb.
     0 | D:1      | Leszczynek set off with: a book of Flames, a +0 shortbow, 27 arrows, the Compendium of Attacks, a +0 robe
     0 | D:1      | Reached XP level 1. HP: 15/15 MP: 2/2
     0 | D:1      | Identified the Compendium of Attacks
   421 | D:1      | Reached XP level 2. HP: 9/21 MP: 3/3
   559 | D:2      | Reached skill level 1 in Maces & Flails
   614 | D:2      | Slain by an adder

Vault maps used:
D:1:      dpeg_chamrin_arrival_tetris
D:2:      fedhas_altar_3

Skill      XL: |  1  2 |
---------------+-------+-----
Maces & Flails | 1 |  1.1
Fighting       | |  1.6
Crossbows      | |  1.0
Throwing       | |  1.0
Armour         | |  1.0
Shields        | |  1.0
Spellcasting   | |  1.0
Fire Magic     | |  3.2

Action                   || total
-------------------------++-------
Melee: Whip              ||    43
 Fire: Shortbow          ||    42
Armor: Robe              ||     6
       Scale mail        ||    22
Dodge: Dodged            ||    50
